[ AOE2 MATCH · #485830827 ]
UnrankedSlavs vs Khitans
[ REPLAY ANALYSIS · EXTRACTED FROM THE RECORDED GAME ]
Feudal
13:55
Castle
18:02
Imperial
—
| APM avg | 61.7 |
| APM peak | 117 |
| eAPM avg | 38.5 |
| Villagers / military | 59 / 32 |
Focus
⚔️ 51.4% · 🌾 48.6%
Boyar ×29 · Fishing Ship ×14 · Monk ×3
Feudal
—
Castle
—
Imperial
—
| APM avg | 29.4 |
| APM peak | 55 |
| eAPM avg | 19.8 |
| Villagers / military | 130 / 30 |
Focus
⚔️ 26.4% · 🌾 73.6%
Fishing Ship ×17 · Steppe Lancer ×13 · Battering Ram ×9 · Monk ×8 · Unknown (2626) ×2
Feudal
11:34
Castle
27:51
Imperial
—
| APM avg | 75.3 |
| APM peak | 123 |
| eAPM avg | 29.6 |
| Villagers / military | 81 / 50 |
Focus
⚔️ 48.2% · 🌾 51.8%
Galley ×41 · Unknown (2626) ×35 · Fishing Ship ×24 · Cavalry Archer ×5 · Fire Galley ×4
Feudal
15:00
Castle
28:24
Imperial
—
| APM avg | 41.2 |
| APM peak | 82 |
| eAPM avg | 20.5 |
| Villagers / military | 64 / 52 |
Focus
⚔️ 45.1% · 🌾 54.9%
Spearman ×34 · Fishing Ship ×25 · Unknown (2626) ×13 · Galley ×12 · Skirmisher ×4 · Battering Ram ×2
Feudal
13:02
Castle
16:42
Imperial
—
| APM avg | 52.2 |
| APM peak | 95 |
| eAPM avg | 25.4 |
| Villagers / military | 83 / 21 |
Focus
⚔️ 20.9% · 🌾 79.1%
Monk ×15 · Fishing Ship ×13 · Mangonel ×3 · Spearman ×3 · Unknown (2626) ×1
Feudal
13:32
Castle
17:42
Imperial
—
| APM avg | 58.7 |
| APM peak | 114 |
| eAPM avg | 31.9 |
| Villagers / military | 63 / 39 |
Focus
⚔️ 54.3% · 🌾 45.7%
Fishing Ship ×28 · Galley ×13 · Monk ×10 · Unknown (2626) ×9 · Fire Galley ×8 · Battering Ram ×6
Match map
Initial resources + every placement click. Lines = walls · curves = elevation contours. ◆ gold · ⬟ stone · ● berries · ✦ relic · ◌ wall gap
Your base· Open — unwalled flank
AMalik7032's base· Open — 7t gap
StKunduz's base· Open — 3t gap
Oni.DauT's base· Open — 4t gap
José Mourinho's base· Open — 6t gap
Oni.JorDan_AoE's base· Open — 2t gap
Smoothed initial terrain · ◌ = detected wall gap · hover for details
Inputs per minute
— Oni.TheViper - - AMalik7032
Build order — Oni.TheViper
First 150 of 165 actions detected
| 0:34 | Build | Town Center |
| 1:01 | Build | Dock |
| 2:31 | Build | House |
| 2:39 | Create | Villager (Male) |
| 2:39 | Create | Villager (Male) |
| 2:39 | Create | Villager (Male) |
| 2:40 | Create | Villager (Male) |
| 2:40 | Create | Villager (Male) |
| 3:35 | Create | Fishing Ship |
| 3:35 | Create | Fishing Ship |
| 4:04 | Create | Villager (Male) |
| 4:10 | Build | House |
| 4:43 | Research | Loom |
| 4:52 | Create | Fishing Ship |
| 4:53 | Create | Fishing Ship |
| 5:06 | Create | Villager (Male) |
| 5:06 | Create | Villager (Male) |
| 5:25 | Create | Fishing Ship |
| 5:33 | Create | Villager (Male) |
| 5:33 | Create | Villager (Male) |
| 5:44 | Build | House |
| 6:02 | Create | Villager (Male) |
| 6:02 | Create | Villager (Male) |
| 6:16 | Create | Fishing Ship |
| 6:17 | Create | Fishing Ship |
| 6:38 | Create | Villager (Male) |
| 6:38 | Create | Villager (Male) |
| 6:53 | Create | Fishing Ship |
| 6:53 | Create | Fishing Ship |
| 6:58 | Create | Villager (Male) |
| 6:58 | Create | Villager (Male) |
| 7:00 | Build | House |
| 7:26 | Create | Villager (Male) |
| 7:27 | Create | Villager (Male) |
| 7:35 | Create | Fishing Ship |
| 7:43 | Create | Villager (Male) |
| 8:07 | Create | Villager (Male) |
| 8:17 | Create | Villager (Male) |
| 8:27 | Create | Fishing Ship |
| 8:29 | Build | House |
| 8:34 | Create | Villager (Male) |
| 8:48 | Create | Fishing Ship |
| 9:22 | Create | Villager (Male) |
| 9:34 | Create | Fishing Ship |
| 9:34 | Create | Villager (Male) |
| 10:09 | Create | Villager (Male) |
| 10:29 | Build | Lumber Camp |
| 10:32 | Create | Villager (Male) |
| 10:36 | Create | Fishing Ship |
| 10:40 | Build | House |
| 11:07 | Create | Villager (Male) |
| 11:37 | Build | Lumber Camp |
| 11:42 | Research | Feudal Age |
| 12:06 | Build | Mining Camp |
| 12:29 | Build | House |
| 12:38 | Create | Villager (Male) |
| 12:38 | Create | Villager (Male) |
| 13:55 | Age | Feudal Age |
| 13:59 | Build | Mill |
| 14:00 | Research | Double-Bit Axe |
| 14:20 | Create | Villager (Male) |
| 14:24 | Build | Blacksmith |
| 14:25 | Build | Market |
| 14:34 | Research | Tech 906 |
| 14:34 | Research | Tech 906 |
| 15:17 | Build | Mining Camp |
| 15:22 | Research | Castle Age |
| 16:00 | Research | Horse Collar |
| 16:05 | Research | Gold Mining |
| 17:32 | Create | Villager (Male) |
| 18:01 | Create | Villager (Male) |
| 18:02 | Age | Castle Age |
| 18:03 | Build | Monastery |
| 18:04 | Research | Bow Saw |
| 18:05 | Research | Heavy Plow |
| 18:09 | Research | Gold Shaft Mining |
| 18:34 | Build | Castle |
| 18:47 | Create | Monk |
| 18:48 | Build | House |
| 19:05 | Create | Villager (Male) |
| 19:23 | Create | Boyar |
| 19:31 | Create | Villager (Male) |
| 19:38 | Create | Boyar |
| 19:39 | Create | Villager (Male) |
| 19:42 | Create | Monk |
| 19:49 | Build | Farm |
| 19:50 | Build | Farm |
| 19:52 | Build | Farm |
| 19:53 | Build | Farm |
| 19:56 | Create | Boyar |
| 20:07 | Create | Boyar |
| 20:10 | Create | Villager (Male) |
| 20:14 | Build | Farm |
| 20:24 | Create | Boyar |
| 20:39 | Create | Villager (Male) |
| 20:50 | Create | Boyar |
| 20:55 | Build | Mill |
| 21:02 | Create | Boyar |
| 21:02 | Create | Boyar |
| 21:17 | Build | Mill |
| 21:18 | Build | Farm |
| 21:18 | Build | Farm |
| 21:18 | Build | Farm |
| 21:19 | Build | Farm |
| 21:19 | Create | Villager (Male) |
| 21:37 | Create | Boyar |
| 21:53 | Build | Town Center |
| 22:07 | Research | Scale Barding Armor |
| 22:39 | Create | Boyar |
| 23:07 | Create | Boyar |
| 23:11 | Research | Devotion |
| 23:20 | Build | Barracks |
| 23:22 | Build | Barracks |
| 23:28 | Create | Villager (Male) |
| 23:29 | Build | Farm |
| 23:30 | Build | Farm |
| 23:40 | Create | Boyar |
| 23:41 | Create | Villager (Male) |
| 23:42 | Create | Boyar |
| 23:43 | Create | Villager (Male) |
| 23:53 | Build | Farm |
| 23:53 | Build | Farm |
| 23:54 | Create | Villager (Male) |
| 23:58 | Build | Farm |
| 23:59 | Build | Farm |
| 24:03 | Create | Boyar |
| 24:04 | Create | Villager (Male) |
| 24:18 | Create | Villager (Male) |
| 24:29 | Create | Boyar |
| 24:42 | Create | Boyar |
| 24:45 | Create | Villager (Male) |
| 25:12 | Create | Villager (Male) |
| 25:20 | Create | Boyar |
| 25:38 | Create | Villager (Male) |
| 25:39 | Create | Boyar |
| 25:50 | Create | Boyar |
| 26:07 | Create | Villager (Male) |
| 26:08 | Create | Villager (Male) |
| 26:09 | Build | Stable |
| 26:15 | Research | Chain Barding Armor |
| 26:34 | Research | Wheelbarrow |
| 26:38 | Create | Boyar |
| 26:57 | Research | Forging |
| 26:58 | Create | Villager (Male) |
| 27:07 | Create | Villager (Male) |
| 27:16 | Create | Boyar |
| 27:26 | Create | Monk |
| 27:31 | Create | Boyar |
| 27:48 | Create | Villager (Male) |
| 27:50 | Create | Boyar |
Build order — AMalik7032
First 150 of 228 actions detected
| 0:08 | Build | Town Center |
| 0:58 | Build | Dock |
| 1:00 | Build | House |
| 1:02 | Build | Palisade Wall |
| 2:26 | Create | Villager (Male) |
| 2:26 | Create | Villager (Male) |
| 2:26 | Create | Villager (Male) |
| 2:26 | Create | Villager (Male) |
| 2:26 | Create | Villager (Male) |
| 3:39 | Create | Fishing Ship |
| 3:39 | Create | Fishing Ship |
| 3:39 | Create | Fishing Ship |
| 3:39 | Create | Fishing Ship |
| 3:39 | Create | Fishing Ship |
| 3:53 | Create | Villager (Male) |
| 3:53 | Create | Villager (Male) |
| 3:53 | Create | Villager (Male) |
| 3:53 | Create | Villager (Male) |
| 4:11 | Build | House |
| 4:19 | Create | Villager (Male) |
| 4:19 | Create | Villager (Male) |
| 4:19 | Create | Villager (Male) |
| 4:19 | Create | Villager (Male) |
| 4:19 | Create | Villager (Male) |
| 4:48 | Create | Villager (Male) |
| 4:48 | Create | Villager (Male) |
| 4:48 | Create | Villager (Male) |
| 5:13 | Create | Villager (Male) |
| 5:13 | Create | Villager (Male) |
| 5:13 | Create | Villager (Male) |
| 5:29 | Research | Loom |
| 5:45 | Create | Villager (Male) |
| 5:45 | Create | Villager (Male) |
| 5:45 | Create | Villager (Male) |
| 5:46 | Create | Villager (Male) |
| 5:46 | Create | Villager (Male) |
| 5:58 | Build | House |
| 6:21 | Create | Villager (Male) |
| 6:21 | Create | Villager (Male) |
| 6:21 | Create | Villager (Male) |
| 6:23 | Create | Fishing Ship |
| 6:31 | Build | Palisade Wall |
| 6:39 | Build | House |
| 6:44 | Create | Villager (Male) |
| 6:44 | Create | Villager (Male) |
| 6:44 | Create | Villager (Male) |
| 6:44 | Create | Villager (Male) |
| 6:53 | Create | Fishing Ship |
| 6:54 | Create | Fishing Ship |
| 6:54 | Create | Fishing Ship |
| 6:54 | Create | Fishing Ship |
| 7:10 | Create | Villager (Male) |
| 7:10 | Create | Villager (Male) |
| 7:10 | Create | Villager (Male) |
| 7:10 | Create | Villager (Male) |
| 7:20 | Create | Villager (Male) |
| 7:20 | Create | Villager (Male) |
| 7:27 | Build | House |
| 7:49 | Create | Fishing Ship |
| 7:49 | Create | Fishing Ship |
| 7:49 | Create | Fishing Ship |
| 7:49 | Create | Fishing Ship |
| 8:06 | Create | Villager (Male) |
| 8:06 | Create | Villager (Male) |
| 8:06 | Create | Villager (Male) |
| 8:06 | Create | Villager (Male) |
| 8:22 | Create | Fishing Ship |
| 8:22 | Create | Fishing Ship |
| 8:50 | Build | House |
| 9:02 | Create | Villager (Male) |
| 9:10 | Create | Fishing Ship |
| 9:32 | Create | Villager (Male) |
| 9:58 | Build | House |
| 10:05 | Create | Villager (Male) |
| 10:05 | Create | Villager (Male) |
| 10:05 | Create | Villager (Male) |
| 10:05 | Create | Villager (Male) |
| 10:05 | Create | Villager (Male) |
| 10:05 | Create | Villager (Male) |
| 10:05 | Create | Villager (Male) |
| 10:21 | Create | Villager (Male) |
| 10:21 | Create | Villager (Male) |
| 10:21 | Create | Villager (Male) |
| 10:21 | Create | Villager (Male) |
| 10:31 | Build | House |
| 10:45 | Create | Villager (Male) |
| 10:48 | Build | Mill |
| 10:57 | Build | House |
| 11:07 | Create | Villager (Male) |
| 11:21 | Research | Feudal Age |
| 11:55 | Build | Mining Camp |
| 12:11 | Build | Barracks |
| 12:24 | Create | Villager (Male) |
| 13:58 | Build | Stable |
| 13:59 | Build | Blacksmith |
| 14:11 | Create | Villager (Male) |
| 14:22 | Create | Unit 2626 |
| 14:45 | Research | Castle Age |
| 14:53 | Create | Unit 2626 |
| 15:10 | Research | Gold Mining |
| 16:31 | Create | Villager (Male) |
| 17:15 | Research | Scale Barding Armor |
| 17:16 | Create | Villager (Male) |
| 17:16 | Create | Villager (Male) |
| 17:26 | Build | Siege Workshop |
| 17:30 | Create | Steppe Lancer ×4 |
| 17:36 | Build | Market |
| 17:55 | Create | Villager (Male) |
| 18:00 | Create | Battering Ram |
| 18:22 | Build | Lumber Camp |
| 18:35 | Research | Chain Barding Armor |
| 18:35 | Research | Chain Barding Armor |
| 18:49 | Build | House |
| 18:55 | Create | Steppe Lancer |
| 18:58 | Build | House |
| 19:04 | Research | Double-Bit Axe |
| 19:19 | Build | Mill |
| 19:34 | Create | Battering Ram |
| 19:34 | Create | Battering Ram |
| 19:35 | Create | Villager (Male) |
| 19:35 | Create | Villager (Male) |
| 19:35 | Create | Villager (Male) |
| 19:35 | Create | Villager (Male) |
| 19:46 | Create | Villager (Male) |
| 19:46 | Create | Villager (Male) |
| 19:46 | Create | Villager (Male) |
| 19:46 | Create | Villager (Male) |
| 19:55 | Create | Steppe Lancer |
| 20:09 | Create | Battering Ram |
| 20:18 | Create | Villager (Male) |
| 20:25 | Create | Steppe Lancer |
| 20:26 | Create | Villager (Male) |
| 20:26 | Create | Villager (Male) |
| 20:26 | Create | Villager (Male) |
| 20:44 | Create | Villager (Male) |
| 20:44 | Create | Villager (Male) |
| 20:44 | Create | Villager (Male) |
| 21:24 | Create | Steppe Lancer ×2 |
| 21:47 | Create | Battering Ram |
| 21:47 | Create | Battering Ram |
| 21:47 | Create | Battering Ram |
| 21:47 | Create | Battering Ram |
| 21:47 | Create | Battering Ram |
| 22:11 | Create | Steppe Lancer ×2 |
| 22:11 | Create | Steppe Lancer ×2 |
| 22:25 | Create | Villager (Male) |
| 22:25 | Create | Villager (Male) |
| 22:27 | Build | Monastery |
| 22:51 | Create | Villager (Male) |
| 22:51 | Create | Villager (Male) |
Build order — StKunduz
First 150 of 262 actions detected
| 0:09 | Build | Town Center |
| 0:38 | Build | Dock |
| 1:29 | Build | House |
| 2:27 | Create | Villager (Male) |
| 2:27 | Create | Villager (Male) |
| 2:27 | Create | Villager (Male) |
| 2:27 | Create | Villager (Male) ×2 |
| 2:28 | Create | Villager (Male) |
| 3:10 | Build | House |
| 3:46 | Create | Villager (Male) |
| 4:12 | Build | House |
| 4:15 | Create | Villager (Male) |
| 4:16 | Create | Villager (Male) |
| 4:35 | Create | Fishing Ship |
| 4:35 | Create | Fishing Ship |
| 4:59 | Create | Villager (Male) |
| 5:00 | Create | Villager (Male) |
| 5:00 | Create | Villager (Male) |
| 5:19 | Create | Villager (Male) |
| 5:26 | Create | Fishing Ship |
| 5:26 | Create | Fishing Ship |
| 5:26 | Create | Fishing Ship |
| 5:40 | Build | House |
| 5:52 | Create | Villager (Male) |
| 6:15 | Create | Fishing Ship |
| 6:15 | Create | Fishing Ship |
| 6:16 | Create | Fishing Ship |
| 6:20 | Create | Villager (Male) |
| 6:20 | Create | Villager (Male) |
| 6:20 | Create | Villager (Male) |
| 6:42 | Create | Villager (Male) |
| 6:52 | Create | Fishing Ship |
| 6:58 | Build | House |
| 7:01 | Create | Villager (Male) |
| 7:02 | Create | Villager (Male) |
| 7:02 | Create | Villager (Male) |
| 7:44 | Create | Villager (Male) |
| 7:53 | Build | Lumber Camp |
| 7:55 | Create | Fishing Ship |
| 8:06 | Create | Villager (Male) |
| 8:06 | Create | Villager (Male) |
| 8:32 | Create | Villager (Male) |
| 8:33 | Create | Villager (Male) |
| 8:44 | Create | Villager (Male) |
| 8:44 | Create | Villager (Male) |
| 9:18 | Create | Fishing Ship |
| 9:23 | Research | Feudal Age |
| 9:24 | Research | Feudal Age |
| 9:45 | Build | House |
| 9:45 | Build | House |
| 10:06 | Build | Mining Camp |
| 10:18 | Create | Villager (Male) |
| 10:33 | Create | Villager (Male) |
| 10:48 | Build | Dock |
| 11:17 | Build | House |
| 11:34 | Age | Feudal Age |
| 11:35 | Create | Unit 2626 |
| 11:35 | Create | Unit 2626 |
| 11:36 | Research | Double-Bit Axe |
| 11:36 | Research | Double-Bit Axe |
| 11:39 | Create | Villager (Male) |
| 11:48 | Build | House |
| 11:59 | Build | Palisade Wall |
| 12:12 | Create | Unit 2626 |
| 12:12 | Create | Unit 2626 |
| 12:12 | Create | Unit 2626 |
| 12:18 | Build | House |
| 12:33 | Create | Villager (Male) |
| 12:44 | Build | Dock |
| 12:50 | Create | Villager (Male) |
| 13:05 | Create | Villager (Male) |
| 13:07 | Create | Unit 2626 |
| 13:07 | Create | Unit 2626 |
| 13:21 | Build | Palisade Wall |
| 13:28 | Create | Unit 2626 |
| 13:29 | Create | Unit 2626 |
| 13:29 | Create | Unit 2626 |
| 13:32 | Create | Villager (Male) |
| 13:37 | Build | House |
| 13:38 | Build | House |
| 13:43 | Create | Villager (Male) |
| 13:52 | Create | Unit 2626 |
| 13:52 | Create | Unit 2626 |
| 13:52 | Create | Unit 2626 |
| 14:12 | Create | Unit 2626 |
| 14:13 | Create | Unit 2626 |
| 14:14 | Create | Villager (Male) |
| 14:18 | Create | Villager (Male) |
| 14:22 | Create | Villager (Male) |
| 14:33 | Create | Villager (Male) |
| 14:34 | Build | Lumber Camp |
| 14:36 | Create | Unit 2626 |
| 14:36 | Create | Unit 2626 |
| 15:01 | Create | Villager (Male) |
| 15:05 | Create | Unit 2626 |
| 15:05 | Create | Unit 2626 |
| 15:05 | Create | Unit 2626 |
| 15:19 | Create | Unit 2626 |
| 15:19 | Create | Unit 2626 |
| 15:19 | Create | Unit 2626 |
| 15:19 | Create | Villager (Male) |
| 15:19 | Create | Villager (Male) |
| 15:53 | Build | Blacksmith |
| 15:54 | Create | Fishing Ship |
| 15:55 | Create | Fishing Ship |
| 15:55 | Create | Fishing Ship |
| 15:57 | Create | Unit 2626 |
| 15:57 | Create | Unit 2626 |
| 16:11 | Create | Villager (Male) |
| 16:11 | Create | Villager (Male) |
| 16:24 | Create | Unit 2626 |
| 16:24 | Create | Unit 2626 |
| 16:24 | Create | Unit 2626 |
| 16:28 | Create | Villager (Male) |
| 16:38 | Build | House |
| 16:38 | Build | House |
| 16:45 | Research | Forging |
| 16:52 | Build | House |
| 16:52 | Build | House |
| 16:55 | Create | Unit 2626 |
| 16:55 | Create | Unit 2626 |
| 17:06 | Create | Unit 2626 |
| 17:06 | Create | Unit 2626 |
| 17:13 | Create | Villager (Male) |
| 17:30 | Create | Villager (Male) |
| 17:35 | Build | Dock |
| 18:04 | Create | Galley ×4 |
| 18:05 | Create | Villager (Male) |
| 18:19 | Create | Villager (Male) |
| 18:21 | Build | House |
| 18:22 | Build | House |
| 18:26 | Create | Galley |
| 18:29 | Create | Villager (Male) |
| 18:41 | Create | Villager (Male) |
| 18:46 | Create | Villager (Male) |
| 19:03 | Create | Galley |
| 19:03 | Create | Galley |
| 19:03 | Create | Galley |
| 19:04 | Create | Galley |
| 19:04 | Create | Galley |
| 19:05 | Create | Villager (Male) |
| 19:08 | Build | Lumber Camp |
| 19:19 | Create | Villager (Male) |
| 19:40 | Create | Villager (Male) |
| 19:41 | Create | Galley |
| 19:41 | Create | Galley |
| 19:42 | Create | Galley |
| 19:45 | Create | Villager (Male) |
| 19:49 | Build | House |
| 19:56 | Create | Villager (Male) |
Build order — Oni.DauT
First 150 of 216 actions detected
| 0:15 | Build | Town Center |
| 0:39 | Build | Dock |
| 2:36 | Create | Villager (Male) |
| 2:36 | Create | Villager (Male) ×4 |
| 3:19 | Build | House |
| 3:28 | Research | Loom |
| 3:29 | Research | Loom |
| 3:29 | Create | Villager (Male) |
| 3:29 | Create | Villager (Male) |
| 4:08 | Create | Villager (Male) |
| 4:08 | Create | Villager (Male) |
| 4:10 | Create | Fishing Ship |
| 4:10 | Create | Fishing Ship |
| 4:30 | Create | Villager (Male) |
| 4:31 | Create | Villager (Male) |
| 4:43 | Build | House |
| 5:22 | Create | Fishing Ship |
| 5:23 | Create | Fishing Ship |
| 5:33 | Create | Villager (Male) |
| 5:34 | Create | Villager (Male) |
| 5:50 | Build | House |
| 6:04 | Create | Villager (Male) |
| 6:04 | Create | Villager (Male) |
| 6:20 | Create | Fishing Ship |
| 6:31 | Create | Villager (Male) |
| 6:31 | Create | Villager (Male) |
| 6:52 | Create | Fishing Ship |
| 6:54 | Create | Villager (Male) |
| 7:20 | Create | Villager (Male) |
| 7:20 | Create | Villager (Male) |
| 7:38 | Create | Fishing Ship |
| 7:40 | Build | House |
| 7:45 | Create | Villager (Male) |
| 7:45 | Create | Villager (Male) |
| 7:52 | Create | Villager (Male) |
| 8:14 | Create | Fishing Ship |
| 8:18 | Create | Villager (Male) |
| 8:35 | Create | Villager (Male) |
| 8:35 | Create | Villager (Male) |
| 8:48 | Build | Settlement |
| 8:52 | Create | Villager (Male) |
| 8:58 | Create | Fishing Ship |
| 9:15 | Build | House |
| 9:21 | Create | Villager (Male) |
| 9:37 | Create | Fishing Ship |
| 9:55 | Create | Villager (Male) |
| 10:07 | Build | House |
| 10:12 | Create | Fishing Ship |
| 10:22 | Create | Villager (Male) |
| 10:29 | Build | Settlement |
| 10:43 | Create | Fishing Ship |
| 10:46 | Create | Villager (Male) |
| 11:24 | Create | Villager (Male) |
| 11:35 | Create | Fishing Ship |
| 11:37 | Create | Villager (Male) |
| 11:57 | Create | Villager (Male) |
| 12:02 | Create | Fishing Ship |
| 12:25 | Create | Villager (Male) |
| 12:32 | Build | Dock |
| 12:48 | Create | Fishing Ship |
| 12:50 | Research | Feudal Age |
| 12:54 | Build | Settlement |
| 13:10 | Build | House |
| 13:15 | Create | Fishing Ship |
| 13:48 | Create | Fishing Ship |
| 14:25 | Build | Dock |
| 14:37 | Create | Villager (Male) |
| 15:00 | Age | Feudal Age |
| 15:04 | Create | Unit 2626 |
| 15:05 | Create | Unit 2626 |
| 15:07 | Create | Villager (Male) |
| 15:09 | Research | Double-Bit Axe |
| 15:10 | Research | Gold Mining |
| 15:16 | Create | Unit 2626 |
| 15:31 | Create | Unit 2626 |
| 15:33 | Build | House |
| 15:34 | Create | Villager (Male) |
| 15:51 | Create | Villager (Male) |
| 15:52 | Build | Blacksmith |
| 15:54 | Create | Unit 2626 |
| 15:54 | Create | Unit 2626 |
| 16:18 | Create | Villager (Male) |
| 16:25 | Create | Unit 2626 |
| 16:50 | Build | House |
| 16:53 | Create | Villager (Male) |
| 16:56 | Create | Unit 2626 |
| 16:56 | Create | Unit 2626 |
| 16:57 | Create | Unit 2626 |
| 17:16 | Create | Unit 2626 |
| 17:16 | Create | Unit 2626 |
| 17:16 | Create | Unit 2626 |
| 17:19 | Create | Villager (Male) |
| 17:28 | Build | Dock |
| 17:33 | Create | Villager (Male) |
| 17:41 | Create | Galley |
| 17:42 | Create | Galley |
| 17:47 | Research | Fletching |
| 17:47 | Research | Fletching |
| 18:10 | Create | Galley |
| 18:13 | Create | Villager (Male) |
| 18:17 | Create | Galley |
| 18:17 | Create | Galley |
| 18:18 | Build | House |
| 18:20 | Create | Galley |
| 18:20 | Create | Galley |
| 18:22 | Create | Villager (Male) |
| 18:22 | Create | Villager (Male) |
| 18:41 | Create | Villager (Male) |
| 18:43 | Create | Galley |
| 18:50 | Build | House |
| 18:52 | Build | House |
| 18:59 | Create | Galley |
| 19:01 | Create | Villager (Male) |
| 19:14 | Build | Settlement |
| 19:19 | Create | Galley |
| 19:26 | Create | Galley |
| 19:28 | Create | Villager (Male) |
| 19:30 | Build | Farm |
| 19:31 | Build | Farm |
| 19:43 | Create | Galley |
| 20:04 | Create | Villager (Male) |
| 20:16 | Build | House |
| 20:23 | Build | Farm |
| 20:23 | Build | Farm |
| 20:32 | Research | Tech 906 |
| 20:33 | Create | Fishing Ship |
| 20:33 | Create | Fishing Ship |
| 20:49 | Create | Villager (Male) |
| 20:51 | Create | Fishing Ship |
| 20:51 | Create | Fishing Ship |
| 20:53 | Create | Villager (Male) |
| 21:14 | Create | Skirmisher |
| 21:15 | Create | Skirmisher |
| 21:15 | Create | Skirmisher |
| 21:15 | Create | Skirmisher |
| 21:19 | Create | Spearman |
| 21:20 | Create | Spearman |
| 21:20 | Create | Spearman |
| 21:20 | Create | Spearman |
| 21:23 | Create | Spearman |
| 21:23 | Create | Spearman |
| 21:23 | Create | Spearman |
| 21:38 | Create | Villager (Male) |
| 22:11 | Create | Spearman |
| 22:11 | Create | Spearman |
| 22:12 | Create | Spearman |
| 22:40 | Create | Villager (Male) |
| 22:48 | Create | Villager (Male) |
| 23:10 | Create | Villager (Male) |
| 23:19 | Create | Spearman |
Build order — José Mourinho
First 150 of 200 actions detected
| 0:22 | Build | Town Center |
| 0:55 | Build | Dock |
| 1:35 | Build | House |
| 2:52 | Create | Villager (Male) |
| 2:53 | Create | Villager (Male) |
| 2:53 | Create | Villager (Male) |
| 2:53 | Create | Villager (Male) |
| 2:53 | Create | Villager (Male) |
| 4:01 | Create | Fishing Ship |
| 4:02 | Create | Fishing Ship |
| 4:29 | Research | Loom |
| 4:37 | Build | House |
| 4:45 | Create | Villager (Male) |
| 4:45 | Create | Villager (Male) |
| 5:21 | Create | Villager (Male) |
| 5:21 | Create | Villager (Male) |
| 5:42 | Create | Villager (Male) |
| 5:42 | Create | Fishing Ship |
| 5:43 | Create | Fishing Ship |
| 6:07 | Create | Villager (Male) |
| 6:07 | Create | Villager (Male) |
| 6:14 | Build | House |
| 6:33 | Create | Villager (Male) |
| 6:39 | Create | Fishing Ship |
| 6:40 | Create | Fishing Ship |
| 7:01 | Create | Villager (Male) |
| 7:01 | Create | Villager (Male) |
| 7:18 | Create | Villager (Male) |
| 7:26 | Create | Fishing Ship |
| 7:37 | Build | House |
| 7:40 | Create | Villager (Male) |
| 7:40 | Create | Villager (Male) |
| 7:59 | Create | Villager (Male) |
| 8:09 | Create | Villager (Male) |
| 8:10 | Create | Villager (Male) |
| 8:31 | Create | Villager (Male) |
| 8:45 | Create | Fishing Ship |
| 8:45 | Create | Fishing Ship |
| 8:45 | Create | Fishing Ship |
| 8:47 | Create | Villager (Male) |
| 8:55 | Build | House |
| 9:26 | Build | House |
| 9:40 | Create | Villager (Male) |
| 9:47 | Create | Fishing Ship |
| 10:18 | Create | Villager (Male) |
| 10:22 | Build | Mill |
| 10:26 | Create | Villager (Male) |
| 10:52 | Research | Feudal Age |
| 10:52 | Research | Feudal Age |
| 10:52 | Research | Feudal Age |
| 11:21 | Build | Mining Camp |
| 11:39 | Create | Fishing Ship |
| 12:16 | Create | Villager (Male) |
| 12:41 | Build | House |
| 12:47 | Create | Villager (Male) |
| 13:02 | Age | Feudal Age |
| 13:05 | Build | Market |
| 13:07 | Build | Blacksmith |
| 13:49 | Build | House |
| 14:02 | Research | Castle Age |
| 14:02 | Research | Castle Age |
| 14:18 | Build | Lumber Camp |
| 14:28 | Build | Palisade Wall |
| 14:46 | Research | Double-Bit Axe |
| 14:59 | Build | Outpost |
| 15:04 | Create | Villager (Male) |
| 15:42 | Build | Watch Tower |
| 15:55 | Create | Villager (Male) |
| 16:06 | Build | House |
| 16:07 | Build | Palisade Wall |
| 16:08 | Build | Palisade Wall |
| 16:29 | Create | Fishing Ship |
| 16:42 | Age | Castle Age |
| 16:45 | Build | Monastery |
| 16:50 | Build | Siege Workshop |
| 16:56 | Build | Siege Workshop |
| 16:58 | Create | Villager (Male) |
| 17:05 | Build | Palisade Wall |
| 17:17 | Create | Monk |
| 17:20 | Research | Bow Saw |
| 17:28 | Create | Mangonel |
| 17:33 | Create | Villager (Male) |
| 17:49 | Create | Monk |
| 17:59 | Create | Villager (Male) |
| 18:14 | Build | Outpost |
| 18:15 | Research | Town Watch |
| 18:24 | Create | Mangonel |
| 18:25 | Create | Villager (Male) |
| 18:45 | Create | Villager (Male) |
| 19:03 | Create | Villager (Male) |
| 19:34 | Create | Mangonel |
| 19:44 | Create | Villager (Male) |
| 19:49 | Create | Monk |
| 19:59 | Build | Town Center |
| 20:05 | Build | Outpost |
| 20:11 | Create | Villager (Male) |
| 20:31 | Create | Monk |
| 20:51 | Create | Villager (Male) |
| 21:00 | Create | Villager (Male) |
| 21:17 | Research | Horse Collar |
| 21:21 | Build | Farm |
| 21:25 | Create | Monk |
| 21:30 | Build | Monastery |
| 21:37 | Create | Villager (Male) |
| 21:37 | Create | Villager (Male) |
| 21:41 | Build | Palisade Wall |
| 21:43 | Build | Palisade Wall |
| 21:48 | Create | Villager (Male) |
| 21:48 | Create | Villager (Male) |
| 21:57 | Build | Farm |
| 21:59 | Build | Farm |
| 22:00 | Create | Villager (Male) |
| 22:09 | Create | Villager (Male) |
| 22:16 | Create | Unit 2626 |
| 22:26 | Create | Villager (Male) |
| 22:26 | Create | Monk |
| 22:30 | Build | House |
| 22:32 | Build | Farm |
| 22:41 | Create | Villager (Male) |
| 22:43 | Build | Farm |
| 23:05 | Create | Villager (Male) |
| 23:07 | Build | Farm |
| 23:08 | Build | Farm |
| 23:10 | Create | Villager (Male) |
| 23:16 | Create | Villager (Male) |
| 23:27 | Build | Outpost |
| 23:30 | Create | Monk |
| 23:30 | Create | Monk |
| 23:34 | Create | Villager (Male) |
| 23:36 | Build | House |
| 23:41 | Build | House |
| 23:53 | Create | Villager (Male) |
| 24:04 | Build | Farm |
| 24:12 | Build | Outpost |
| 24:13 | Create | Villager (Male) |
| 24:16 | Build | House |
| 24:17 | Build | House |
| 24:19 | Build | Farm |
| 24:21 | Build | Lumber Camp |
| 24:28 | Create | Monk |
| 24:33 | Create | Villager (Male) |
| 24:37 | Create | Villager (Male) |
| 24:40 | Build | Farm |
| 24:44 | Create | Villager (Male) |
| 24:44 | Create | Villager (Male) |
| 24:49 | Create | Villager (Male) |
| 25:05 | Research | Devotion |
| 25:06 | Research | Devotion |
| 25:06 | Create | Villager (Male) |
| 25:06 | Create | Villager (Male) |
Build order — Oni.JorDan_AoE
First 150 of 222 actions detected
| 0:13 | Build | Town Center |
| 0:46 | Build | Dock |
| 1:22 | Build | House |
| 2:33 | Create | Villager (Male) |
| 2:33 | Create | Villager (Male) |
| 2:33 | Create | Villager (Male) |
| 2:33 | Create | Villager (Male) |
| 2:33 | Create | Villager (Male) |
| 3:33 | Create | Fishing Ship |
| 3:33 | Create | Fishing Ship |
| 3:33 | Create | Fishing Ship |
| 3:33 | Create | Fishing Ship |
| 3:51 | Create | Villager (Male) |
| 4:21 | Build | House |
| 4:35 | Create | Villager (Male) |
| 4:35 | Create | Villager (Male) |
| 4:35 | Create | Villager (Male) |
| 4:58 | Create | Villager (Male) |
| 4:58 | Create | Villager (Male) |
| 5:15 | Create | Villager (Male) |
| 5:15 | Create | Villager (Male) |
| 5:33 | Create | Fishing Ship |
| 5:33 | Create | Fishing Ship |
| 5:33 | Create | Fishing Ship |
| 5:33 | Create | Fishing Ship |
| 5:33 | Create | Fishing Ship |
| 5:44 | Create | Villager (Male) |
| 5:56 | Build | House |
| 6:09 | Create | Villager (Male) |
| 6:19 | Create | Fishing Ship |
| 6:19 | Create | Fishing Ship |
| 6:19 | Create | Fishing Ship |
| 6:19 | Create | Fishing Ship |
| 6:46 | Create | Villager (Male) |
| 6:46 | Create | Villager (Male) |
| 6:46 | Create | Villager (Male) |
| 6:46 | Create | Villager (Male) |
| 6:47 | Create | Fishing Ship |
| 6:47 | Create | Fishing Ship |
| 6:47 | Create | Fishing Ship |
| 7:05 | Create | Villager (Male) |
| 7:05 | Create | Villager (Male) |
| 7:07 | Build | House |
| 7:21 | Create | Villager (Male) |
| 7:28 | Create | Fishing Ship |
| 7:47 | Create | Fishing Ship |
| 7:48 | Create | Villager (Male) |
| 8:12 | Create | Villager (Male) |
| 8:21 | Build | Lumber Camp |
| 8:27 | Create | Villager (Male) |
| 8:37 | Build | House |
| 9:03 | Create | Villager (Male) |
| 9:04 | Create | Fishing Ship |
| 9:22 | Build | Dock |
| 9:30 | Create | Villager (Male) |
| 9:50 | Create | Fishing Ship |
| 9:54 | Create | Villager (Male) |
| 9:57 | Build | House |
| 10:01 | Create | Fishing Ship |
| 10:01 | Create | Fishing Ship |
| 10:01 | Create | Fishing Ship |
| 10:32 | Research | Loom |
| 10:42 | Create | Fishing Ship |
| 10:44 | Build | Mining Camp |
| 10:51 | Build | House |
| 11:05 | Create | Fishing Ship |
| 11:22 | Research | Feudal Age |
| 11:39 | Create | Fishing Ship |
| 11:56 | Create | Villager (Male) |
| 11:58 | Build | Mill |
| 12:37 | Create | Fishing Ship |
| 12:37 | Create | Fishing Ship |
| 13:12 | Build | Dock |
| 13:19 | Build | House |
| 13:32 | Age | Feudal Age |
| 13:34 | Build | Market |
| 13:42 | Build | Blacksmith |
| 13:50 | Create | Villager (Male) |
| 13:54 | Create | Unit 2626 |
| 13:54 | Create | Unit 2626 |
| 14:01 | Build | House |
| 14:10 | Create | Villager (Male) |
| 14:16 | Create | Unit 2626 |
| 14:28 | Create | Villager (Male) |
| 14:45 | Create | Unit 2626 |
| 14:46 | Create | Unit 2626 |
| 15:02 | Research | Castle Age |
| 15:12 | Create | Unit 2626 |
| 15:27 | Research | Gold Mining |
| 15:27 | Research | Gold Mining |
| 15:30 | Create | Unit 2626 |
| 15:52 | Build | House |
| 16:06 | Create | Unit 2626 |
| 16:10 | Research | Tech 906 |
| 16:28 | Research | Fletching |
| 16:28 | Research | Fletching |
| 16:31 | Create | Galley |
| 16:36 | Create | Villager (Male) |
| 17:05 | Create | Galley |
| 17:14 | Create | Galley |
| 17:33 | Build | Lumber Camp |
| 17:42 | Age | Castle Age |
| 17:45 | Research | War Galley (upgrade) |
| 17:45 | Research | War Galley (upgrade) |
| 17:53 | Create | Villager (Male) |
| 17:56 | Create | Galley |
| 18:02 | Research | Forging |
| 18:06 | Build | House |
| 18:23 | Create | Galley |
| 18:42 | Research | Town Watch |
| 18:44 | Create | Villager (Male) |
| 18:46 | Create | Villager (Male) |
| 18:57 | Create | Galley |
| 18:57 | Create | Galley |
| 18:57 | Create | Galley |
| 19:06 | Research | Bodkin Arrow |
| 19:21 | Create | Galley |
| 19:25 | Create | Villager (Male) |
| 19:30 | Create | Galley |
| 19:48 | Create | Villager (Male) |
| 19:48 | Create | Villager (Male) |
| 19:48 | Create | Villager (Male) |
| 20:02 | Create | Fire Galley |
| 20:03 | Build | House |
| 20:20 | Create | Galley |
| 20:34 | Create | Galley |
| 20:43 | Create | Villager (Male) |
| 20:50 | Build | Mining Camp |
| 20:53 | Create | Galley |
| 21:00 | Create | Fire Galley |
| 21:07 | Create | Villager (Male) |
| 21:17 | Build | Monastery |
| 21:26 | Build | Monastery |
| 21:29 | Build | House |
| 21:30 | Build | House |
| 21:33 | Build | Palisade Wall |
| 21:36 | Build | Palisade Wall |
| 21:54 | Create | Fire Galley |
| 21:58 | Create | Villager (Male) |
| 22:01 | Build | House |
| 22:08 | Research | Sanctity |
| 22:09 | Create | Monk |
| 22:17 | Create | Fire Galley |
| 22:37 | Create | Villager (Male) |
| 22:44 | Create | Fire Galley |
| 22:55 | Build | House |
| 22:57 | Create | Villager (Male) |
| 22:59 | Create | Monk |
| 23:10 | Build | Lumber Camp |
| 23:12 | Research | Fervor |
Match timeline
| 0:38 | StKunduz · first_building Dock |
| 0:39 | Oni.DauT · first_building Dock |
| 0:46 | Oni.JorDan_AoE · first_building Dock |
| 0:55 | José Mourinho · first_building Dock |
| 0:58 | AMalik7032 · first_building Dock |
| 1:01 | Oni.TheViper · first_building Dock |
| 1:02 | AMalik7032 · wall_segment Palisade Wall x1 |
| 6:31 | AMalik7032 · wall_segment Palisade Wall x1 |
| 11:34 | StKunduz · age_up feudal |
| 11:59 | StKunduz · wall_segment Palisade Wall x1 |
| 12:11 | AMalik7032 · first_building Barracks |
| 13:02 | José Mourinho · age_up feudal |
| 13:21 | StKunduz · wall_segment Palisade Wall x1 |
| 13:32 | Oni.JorDan_AoE · age_up feudal |
| 13:55 | Oni.TheViper · age_up feudal |
| 13:58 | AMalik7032 · first_building Stable |
| 14:01 | José Mourinho · first_market_sell 100 wood |
| 14:28 | José Mourinho · wall_segment Palisade Wall x3 |
| 14:33 | Oni.JorDan_AoE · first_market_sell 100 stone |
| 14:34 | Oni.JorDan_AoE · first_market_buy 100 food |
| 15:00 | Oni.DauT · age_up feudal |
| 16:07 | José Mourinho · wall_segment Palisade Wall x1 |
| 16:08 | José Mourinho · wall_segment Palisade Wall x1 |
| 16:42 | José Mourinho · age_up castle |
| 16:45 | José Mourinho · first_building Monastery |
| 16:50 | José Mourinho · first_building Siege Workshop |
| 17:05 | José Mourinho · wall_segment Palisade Wall x1 |
| 17:24 | José Mourinho · first_market_buy 100 wood |
| 17:26 | AMalik7032 · first_building Siege Workshop |
| 17:42 | Oni.JorDan_AoE · age_up castle |
| 17:52 | Oni.TheViper · first_market_buy 100 stone |
| 18:02 | Oni.TheViper · age_up castle |
| 18:03 | Oni.TheViper · first_building Monastery |
| 18:34 | Oni.TheViper · first_building Castle |
| 18:41 | AMalik7032 · first_market_sell 100 stone |
| 18:42 | AMalik7032 · first_market_buy 100 wood |
| 19:37 | Oni.TheViper · first_market_sell 100 food |
| 21:17 | Oni.JorDan_AoE · first_building Monastery |
| 21:33 | Oni.JorDan_AoE · wall_segment Palisade Wall x1 |
| 21:36 | Oni.JorDan_AoE · wall_segment Palisade Wall x2 |
| 21:41 | José Mourinho · wall_segment Palisade Wall x3 |
| 21:43 | José Mourinho · wall_segment Palisade Wall x3 |
| 22:27 | AMalik7032 · first_building Monastery |
| 23:14 | StKunduz · first_market_sell 100 stone |
| 23:19 | StKunduz · first_market_buy 100 food |
| 23:20 | Oni.TheViper · first_building Barracks |
| 23:44 | AMalik7032 · wall_segment Palisade Wall x1 |
| 25:14 | José Mourinho · first_building Barracks |
| 25:32 | Oni.DauT · first_building Barracks |
| 25:43 | Oni.DauT · first_market_buy 100 food |
| 25:43 | Oni.JorDan_AoE · first_building Siege Workshop |
| 25:52 | StKunduz · first_building Barracks |
| 26:09 | Oni.TheViper · first_building Stable |
| 26:16 | StKunduz · wall_segment Palisade Wall x1 |
| 26:40 | StKunduz · wall_segment Palisade Wall x1 |
| 26:42 | StKunduz · wall_segment Palisade Wall x1 |
| 26:44 | StKunduz · wall_segment Palisade Wall x1 |
| 26:44 | StKunduz · wall_segment Palisade Wall x1 |
| 27:11 | StKunduz · first_building Archery Range |
| 27:50 | Oni.DauT · wall_segment Palisade Wall x1 |
| 27:51 | StKunduz · age_up castle |
| 27:52 | Oni.DauT · wall_segment Palisade Wall x1 |
| 27:54 | Oni.DauT · wall_segment Palisade Wall x1 |
| 28:24 | Oni.DauT · age_up castle |
| 28:39 | Oni.DauT · first_building Siege Workshop |
| 29:35 | AMalik7032 · first_building Castle |
| 29:46 | José Mourinho · resign |
[ AI ANALYSIS · 1 CREDIT ]
What really happened in this match?
Wolo.gg analyzes every decision: build order, eco, micro, common mistakes by bracket. Personalized analysis on WhatsApp or Discord in 30 seconds.
Civ guide
Slavs
Perfil
TheViper